HBL
SPOKANE RIVER RATS @ COLORADO SPRINGS SKY FOX
03/31/1997
 
TOP OF THE 1ST
Spokane River Rats batting - Pitching for Colorado Springs Sky Fox : LHP Frank Viola
Pitching: LHP Frank Viola
Batting: SHB Chuck Carr 0-0: Ball
1-0: SINGLE (Line Drive, 5D, EV 101.9 MPH)
Batting: RHB Jose Lind 0-0: Ball
1-0: Ball
2-0: Grounds into double play, 5-4-3 (Groundball, 56, EV 104.4 MPH)
Batting: LHB Michael Tucker 0-0: Ball
1-0: Ball
2-0: Called Strike
2-1: Ball
3-1: Foul Ball, location: 2F
3-2: Base on Balls
Batting: SHB Gene Kingsale 0-0: Ball
1-0: Called Strike
1-1: Ball
2-1: Ball
3-1: Called Strike
3-2: Ground out 6-3 (Groundball, 6, EV 84.4 MPH)
Top of the 1st over - 0 runs, 1 hit, 0 errors, 1 left on base; Spokane 0 - Colorado Springs 0
BOTTOM OF THE 1ST
Colorado Springs Sky Fox batting - Pitching for Spokane River Rats : RHP Matt Morris
Pitching: RHP Matt Morris
Batting: LHB Brent Brede 0-0: Ball
1-0: Foul Ball, location: 2F
1-1: SINGLE (Line Drive, 56, EV 97.5 MPH)
Batting: RHB Andujar Cedeno 0-0: Called Strike
0-1: Ball
1-1: Ball
2-1: Swinging Strike
2-2: Strikes out swinging
Batting: RHB Bruce Aven 0-0: Ball
1-0: Fly out, F8 (Line Drive, 8RM, EV 104.4 MPH)
Batting: LHB David Dellucci 0-0: SINGLE (Groundball, 4, EV 86.3 MPH) (infield hit)
Brent Brede to second
Batting: RHB Steve Pegues 0-0: Ball
1-0: Ball
2-0: Fly out, F3 (Popup, 3SF, EV 81.3 MPH)
Bottom of the 1st over - 0 runs, 2 hits, 0 errors, 2 left on base; Spokane 0 - Colorado Springs 0
TOP OF THE 2ND
Spokane River Rats batting - Pitching for Colorado Springs Sky Fox : LHP Frank Viola
Batting: LHB Andy Fox 0-0: Ground out 6-3 (Groundball, 6, EV 98.1 MPH)
Batting: SHB Luis M. Lopez 0-0: Ground out 1-3 (Groundball, 13, EV 88.1 MPH)
Batting: RHB Tony Rodriguez 0-0: Called Strike
0-1: SINGLE (Flyball, 89S, EV 93.8 MPH)
Batting: SHB Doug Brady 0-0: Ball
1-0: Ball
2-0: Foul Ball, location: 2F
2-1: Called Strike
2-2: Ground out 5-3 (Groundball, 56S, EV 61.3 MPH)
Top of the 2nd over - 0 runs, 1 hit, 0 errors, 1 left on base; Spokane 0 - Colorado Springs 0
BOTTOM OF THE 2ND
Colorado Springs Sky Fox batting - Pitching for Spokane River Rats : RHP Matt Morris
Batting: RHB David Doster 0-0: Ball
1-0: Ball
2-0: Ball
3-0: Base on Balls
Batting: RHB Julio Mosquera 0-0: Called Strike
0-1: Ball
1-1: Foul Ball, location: 2F
1-2: Ball
2-2: Strikes out swinging
Batting: RHB Lou Collier 0-0: Reached via error on a dropped throw from 1B, E1 (Groundball, 3, EV 110.0 MPH)
David Doster to second
Batting: RHB Hiroki Kokubo 0-0: Fielders Choice at 2nd, 6-4 (Groundball, 6, EV 82.5 MPH)
David Doster to third
Batting: LHB Brent Brede 0-0: Ball
1-0: Foul Ball, location: 2F
1-1: Foul Ball, location: 2F
1-2: Ball
2-2: Foul Ball, location: 2F
2-2: Ball
3-2: Fly out, F8 (Flyball, 78D, EV 83.8 MPH)
Bottom of the 2nd over - 0 runs, 0 hits, 1 error, 2 left on base; Spokane 0 - Colorado Springs 0
TOP OF THE 3RD
Spokane River Rats batting - Pitching for Colorado Springs Sky Fox : LHP Frank Viola
Batting: RHB Mark Dalesandro 0-0: Ball
1-0: Called Strike
1-1: Foul Ball, location: 2F
1-2: Ball
2-2: Fly out, F8 (Flyball, 89D, EV 80.6 MPH)
Batting: SHB Chuck Carr 0-0: Foul Ball, location: 2F
0-1: Called Strike
0-2: Foul Ball, location: 2F
0-2: Ball
1-2: Ball
2-2: Foul Ball, location: 2F
2-2: SINGLE (Groundball, 6MD, EV 109.4 MPH)
Batting: RHB Jose Lind 0-0: Called Strike
0-1: Ball
1-1: Ball
2-1: Ball
3-1: Fielders Choice at 2nd, 1-4 (Groundball, 15S, EV 68.8 MPH)
Batting: LHB Michael Tucker 0-0: Ball
1-0: Fly out, F9 (Flyball, 8RM, EV 86.9 MPH)
Top of the 3rd over - 0 runs, 1 hit, 0 errors, 1 left on base; Spokane 0 - Colorado Springs 0
BOTTOM OF THE 3RD
Colorado Springs Sky Fox batting - Pitching for Spokane River Rats : RHP Matt Morris
Batting: RHB Andujar Cedeno 0-0: Called Strike
0-1: Ball
1-1: Ground out 6-3 (Groundball, 6S, EV 71.3 MPH)
Batting: RHB Bruce Aven 0-0: Foul Ball, location: 2F
0-1: Called Strike
0-2: Foul Ball, location: 2F
0-2: Strikes out swinging
Batting: LHB David Dellucci 0-0: Foul Ball, location: 2F
0-1: Ball
1-1: Swinging Strike
1-2: Strikes out swinging
Bottom of the 3rd over - 0 runs, 0 hits, 0 errors, 0 left on base; Spokane 0 - Colorado Springs 0
TOP OF THE 4TH
Spokane River Rats batting - Pitching for Colorado Springs Sky Fox : LHP Frank Viola
Batting: SHB Gene Kingsale 0-0: Ground out 6-3 (Groundball, 6, EV 87.5 MPH)
Batting: LHB Andy Fox 0-0: Called Strike
0-1: Called Strike
0-2: Ball
1-2: Reached on error, E6 (Groundball, 6M, EV 101.9 MPH)
Batting: SHB Luis M. Lopez 0-0: Ball
1-0: Ball
2-0: Ball
3-0: Called Strike
3-1: Swinging Strike
3-2: Base on Balls
Andy Fox to second
Batting: RHB Tony Rodriguez 0-0: Foul Ball, location: 2F
0-1: Fly out, F8 (Flyball, 8RD, EV 93.8 MPH)
Batting: SHB Doug Brady 0-0: Foul Ball, location: 2F
0-1: Ball
1-1: Swinging Strike
1-2: Ball
2-2: Ball
3-2: Ground out 4-3 (Groundball, 4M, EV 90.0 MPH)
Top of the 4th over - 0 runs, 0 hits, 1 error, 2 left on base; Spokane 0 - Colorado Springs 0
BOTTOM OF THE 4TH
Colorado Springs Sky Fox batting - Pitching for Spokane River Rats : RHP Matt Morris
Batting: RHB Steve Pegues 0-0: Called Strike
0-1: Ball
1-1: Called Strike
1-2: Ball
2-2: Ground out 5-3 (Groundball, 56, EV 76.9 MPH)
Batting: RHB David Doster 0-0: Ball
1-0: SINGLE (Groundball, 4D, EV 105.0 MPH)
Batting: RHB Julio Mosquera 0-0: Called Strike
0-1: Swinging Strike
0-2: Ball
1-2: Fielders Choice at 2nd, 4-6 (Groundball, 4, EV 103.1 MPH)
Batting: RHB Lou Collier 0-0: Called Strike
0-1: Called Strike
0-2: Ball
1-2: Strikes out swinging
Bottom of the 4th over - 0 runs, 1 hit, 0 errors, 1 left on base; Spokane 0 - Colorado Springs 0
TOP OF THE 5TH
Spokane River Rats batting - Pitching for Colorado Springs Sky Fox : LHP Frank Viola
Batting: RHB Mark Dalesandro 0-0: Ball
1-0: Called Strike
1-1: Fly out, F9 (Line Drive, 9, EV 98.8 MPH)
Pitching: LHP Jeff Tabaka
Batting: SHB Chuck Carr 0-0: Ball
1-0: Fly out, F9 (Flyball, 89D, EV 93.8 MPH)
Batting: RHB Jose Lind 0-0: Ball
1-0: Foul Ball, location: 2F
1-1: SINGLE (Line Drive, 56D, EV 98.1 MPH)
Batting: LHB Michael Tucker 0-0: Called Strike
0-1: Called Strike
0-2: Strikes out swinging
Top of the 5th over - 0 runs, 1 hit, 0 errors, 1 left on base; Spokane 0 - Colorado Springs 0
BOTTOM OF THE 5TH
Colorado Springs Sky Fox batting - Pitching for Spokane River Rats : RHP Matt Morris
Batting: RHB Hiroki Kokubo 0-0: Swinging Strike
0-1: Swinging Strike
0-2: Ball
1-2: Strikes out looking
Batting: LHB Brent Brede 0-0: Called Strike
0-1: Ground out 4-3 (Groundball, 4, EV 90.6 MPH)
Batting: RHB Andujar Cedeno 0-0: Ball
1-0: Ball
2-0: Ground out 6-3 (Groundball, 6D, EV 88.8 MPH)
Bottom of the 5th over - 0 runs, 0 hits, 0 errors, 0 left on base; Spokane 0 - Colorado Springs 0
TOP OF THE 6TH
Spokane River Rats batting - Pitching for Colorado Springs Sky Fox : LHP Jeff Tabaka
Batting: SHB Gene Kingsale 0-0: Ball
1-0: Ball
2-0: Ball
3-0: Ground out 2-3 (Groundball, 2L, EV 65.0 MPH)
Batting: LHB Andy Fox 0-0: Swinging Strike
0-1: Ground out 4-3 (Groundball, 4D, EV 92.5 MPH)
Batting: SHB Luis M. Lopez 0-0: Foul Ball, location: 2F
0-1: Ball
1-1: Swinging Strike
1-2: DOUBLE (Flyball, 8LXD, EV 92.5 MPH)
Batting: RHB Tony Rodriguez 0-0: Ball
1-0: Ball
2-0: Called Strike
2-1: Ball
3-1: Called Strike
3-2: Foul Ball, location: 2F
3-2: Base on Balls
Batting: SHB Doug Brady Balk!
Luis M. Lopez to third
Tony Rodriguez to second
0-0: Swinging Strike
0-1: Ball
1-1: Ball
2-1: Foul Ball, location: 2F
2-2: Strikes out swinging
Top of the 6th over - 0 runs, 1 hit, 0 errors, 2 left on base; Spokane 0 - Colorado Springs 0
BOTTOM OF THE 6TH
Colorado Springs Sky Fox batting - Pitching for Spokane River Rats : RHP Matt Morris
Batting: RHB Bruce Aven 0-0: Called Strike
0-1: Ball
1-1: Ground out 5-3 (Groundball, 5L, EV 85.0 MPH)
Batting: LHB David Dellucci 0-0: Swinging Strike
0-1: Fly out, F7 (Flyball, 7S, EV 90.0 MPH)
Batting: RHB Steve Pegues 0-0: Ball
1-0: Ball
2-0: Called Strike
2-1: Ground out 1-3 (Groundball, 13S, EV 66.3 MPH)
Bottom of the 6th over - 0 runs, 0 hits, 0 errors, 0 left on base; Spokane 0 - Colorado Springs 0
TOP OF THE 7TH
Spokane River Rats batting - Pitching for Colorado Springs Sky Fox : LHP Jeff Tabaka
Batting: RHB Mark Dalesandro 0-0: Ball
1-0: Ball
2-0: Ball
3-0: Called Strike
3-1: Swinging Strike
3-2: Strikes out looking
Batting: SHB Chuck Carr 0-0: Ball
1-0: Swinging Strike
1-1: Fly out, F3 (Popup, 3, EV 80.0 MPH)
Batting: RHB Jose Lind 0-0: Ball
1-0: Called Strike
1-1: Ball
2-1: Ball
3-1: Base on Balls
Pitching: RHP Curtis King
Batting: LHB Michael Tucker 0-0: Called Strike
0-1: Ball
1-1: Foul Ball, location: 2F
1-2: DOUBLE (Line Drive, 7LM, EV 109.4 MPH)
Jose Lind to third
Runner from 3rd tries for Home, SAFE, no throw by LF
Batting: SHB Gene Kingsale 0-0: Ball
1-0: Called Strike
1-1: Ball
2-1: Foul Ball, location: 2F
2-2: Strikes out looking
Top of the 7th over - 1 run, 1 hit, 0 errors, 1 left on base; Spokane 1 - Colorado Springs 0
BOTTOM OF THE 7TH
Colorado Springs Sky Fox batting - Pitching for Spokane River Rats : RHP Matt Morris
Batting: RHB David Doster 0-0: Ground out 1-3 (Groundball, 13S, EV 73.8 MPH)
Batting: RHB Julio Mosquera 0-0: Fly out, F7 (Flyball, 7, EV 91.9 MPH)
Batting: RHB Lou Collier 0-0: Ball
1-0: Swinging Strike
1-1: Called Strike
1-2: Foul Ball, location: 2F
1-2: Ball
2-2: Ball
3-2: Ground out 5-3 (Groundball, 5S, EV 62.5 MPH)
Bottom of the 7th over - 0 runs, 0 hits, 0 errors, 0 left on base; Spokane 1 - Colorado Springs 0
TOP OF THE 8TH
Spokane River Rats batting - Pitching for Colorado Springs Sky Fox : RHP Curtis King
Batting: LHB Andy Fox 0-0: SINGLE (Groundball, 6, EV 88.1 MPH) (infield hit)
Batting: SHB Luis M. Lopez 0-0: Called Strike
0-1: Ball
1-1: Foul Ball, location: 2F
1-2: Fielders Choice at 2nd, 3-6 (Groundball, 34, EV 105.0 MPH)
Batting: RHB Tony Rodriguez 0-0: Swinging Strike
0-1: Ball
1-1: Ball
2-1: Ball
3-1: Foul Ball, location: 2F
3-2: Foul Ball, location: 2F
3-2: Foul Ball, location: 2F
3-2: Ground out 4-3 (Groundball, 4, EV 110.0 MPH)
Luis M. Lopez to second
Batting: SHB Doug Brady 0-0: Ball
1-0: SINGLE (Groundball, 6D, EV 100.0 MPH)
Luis M. Lopez to third
Runner from 3rd tries for Home, SAFE, throw by CF to home
Batting: RHB Mark Dalesandro 0-0: Called Strike
Doug Brady steals 2nd base
0-1: Foul Ball, location: 2F
0-2: Ball
1-2: Fly out, F7 (Flyball, 7D, EV 108.1 MPH)
Top of the 8th over - 1 run, 2 hits, 0 errors, 1 left on base; Spokane 2 - Colorado Springs 0
BOTTOM OF THE 8TH
Colorado Springs Sky Fox batting - Pitching for Spokane River Rats : RHP Matt Morris
Batting: RHB Hiroki Kokubo 0-0: Ball
1-0: Ball
2-0: Swinging Strike
2-1: Fly out, F9 (Flyball, 9, EV 86.9 MPH)
Batting: LHB Brent Brede 0-0: Called Strike
0-1: Called Strike
0-2: Foul Ball, location: 2F
0-2: Ball
1-2: Strikes out swinging
Batting: RHB Andujar Cedeno 0-0: Called Strike
0-1: Ground out 6-3 (Groundball, 6, EV 97.5 MPH)
Bottom of the 8th over - 0 runs, 0 hits, 0 errors, 0 left on base; Spokane 2 - Colorado Springs 0
TOP OF THE 9TH
Spokane River Rats batting - Pitching for Colorado Springs Sky Fox : RHP Curtis King
Batting: SHB Chuck Carr 0-0: Ball
1-0: Ball
2-0: Called Strike
2-1: Swinging Strike
2-2: Ball
3-2: Ground out 2-3 (Groundball, 2L, EV 71.3 MPH)
Batting: RHB Jose Lind 0-0: Fly out, F9 (Flyball, 89M, EV 72.5 MPH)
Batting: LHB Michael Tucker 0-0: Ball
1-0: Foul Ball, location: 2F
1-1: Ball
2-1: Ball
3-1: SINGLE (Line Drive, 8LS, EV 101.3 MPH)
Pitching: RHP Antonio Alfonseca
Batting: SHB Gene Kingsale 0-0: Foul Ball, location: 2F
0-1: Fly out, F8 (Flyball, 8RM, EV 90.0 MPH)
Top of the 9th over - 0 runs, 1 hit, 0 errors, 1 left on base; Spokane 2 - Colorado Springs 0
BOTTOM OF THE 9TH
Colorado Springs Sky Fox batting - Pitching for Spokane River Rats : RHP Matt Morris
Batting: RHB Bruce Aven 0-0: Called Strike
0-1: Ball
1-1: Foul Ball, location: 2F
1-2: Strikes out looking
Batting: LHB David Dellucci 0-0: SINGLE (Line Drive, 89S, EV 103.1 MPH)
Batting: RHB Steve Pegues 0-0: Grounds into double play, 5-4-3 (Groundball, 5, EV 85.6 MPH)
Bottom of the 9th over - 0 runs, 1 hit, 0 errors, 0 left on base; Spokane 2 - Colorado Springs 0
Tuesday, January 20th, 2026 - OOTP Baseball 20.8 Build 74